 Dungeon Crawl Stone Soup version 0.30-a0-760-g5a9884bb7c (webtiles) character file.

Game seed: 9385304380608544048

33 Leeroy the Slasher (level 3, 0/18 HPs)
             Began as a Vine Stalker Warper on Feb 11, 2023.
             Hit by a goblin thrown by Robin (1 damage)
             ... on level 2 of the Dungeon.
             The game lasted 00:01:17 (925 turns).

Leeroy the Slasher (Vine Stalker Warper)             Turns: 925, Time: 00:01:17

Health: 0/18       AC:  3    Str: 13    XL:     3   Next: 29%
Magic:  0/7        EV: 11    Int: 13    God:
Gold:   0          SH:  0    Dex: 15    Spells: 6/6 levels left

rFire   . . .      SeeInvis .    a - +0 falchion
rCold   . . .      Faith    .    (no shield)
rNeg    . . .      Spirit   +    b - +0 leather armour
rPois   .          Reflect  .    (no helmet)
rElec   .          Harm     .    (no cloak)
rCorr   .          Rampage  .    (no gloves)
Will    .....                    (no boots)
Stlth   +                        (no amulet)
HPRegen 0.23/turn                (no ring)
MPRegen 0.10/turn                (no ring)

@: no status effects
A: fangs 2, magic shield, antimagic bite, no potion heal 2
a: no special abilities


You were on level 2 of the Dungeon.
You visited 1 branch of the dungeon, and saw 2 of its levels.

Inventory:

Hand Weapons
 a - a +0 falchion (weapon)
Missiles
 d - 7 boomerangs of dispersal (quivered)
Armour
 b - a +0 leather armour (worn)
Scrolls
 e - 2 scrolls of vulnerability {unknown}
 g - a scroll of poison {unknown}
 h - a scroll of identify {unknown}
 i - a scroll of amnesia {unknown}
 j - 2 scrolls of torment {unknown}
Potions
 f - 2 potions of brilliance {unknown}
 k - a potion of curing {unknown}
 l - a potion of ambrosia {unknown}


   Skills:
 - Level 1.7 Fighting
 + Level 3.3 Long Blades
 - Level 0.8 Throwing
 - Level 0.7 Armour
 - Level 1.5 Dodging
 - Level 2.1 Spellcasting
 - Level 3.0 Translocations


You had 6 spell levels left.
You didn't know any spells.
Your spell library contained the following spells:

 Spells                   Type           Power      Damage    Failure   Level
 Blink                    Tloc           18%        N/A       14%         2
 Lesser Beckoning         Tloc           18%        N/A       14%         2
 Teleport Other           Tloc           9%         N/A       28%         3
 Vhi's Electric Charge    Tloc/Air       10%        N/A       45%         3
 Manifold Assault         Tloc           9%         N/A       67%         4


Dungeon Overview and Level Annotations

Branches:
Dungeon (2/15)

Altars:

Annotations:
D:2 Robin


Innate Abilities, Weirdness & Mutations

You have extremely sharp teeth.
When hurt, damage is shared between your health and your magic reserves.
Your bite disrupts and absorbs the magic of your enemies.
Potions cannot restore your health.


Message History

You slash the goblin!
You kill the goblin!
The goblin hits you with a +0 dagger.
A hobgoblin comes into view. It is wielding a +0 dagger.
The hobgoblin barely misses you.
A goblin comes into view. It is wielding a +0 club.
You hit the kobold but do no damage. The goblin barely misses you.
The kobold barely misses you. The hobgoblin barely misses you.
You hit the kobold. Your bite misses the kobold.
The kobold is severely wounded.
The goblin hits you but does no damage. The kobold barely misses you.
The hobgoblin hits you. The goblin hits you with a +0 dagger.
The kobold closely misses you. The hobgoblin misses you.
You are too injured to fight recklessly!
You are too injured to fight recklessly!
You closely miss the goblin. The goblin hits you but does no damage.
The kobold hits you but does no damage. The goblin hits you but does no damage.
The hobgoblin closely misses you.
You barely miss the goblin. You bite the goblin.
You kill the goblin!
The goblin hits you but does no damage.
The kobold hits you with a +0 short sword.
The hobgoblin hits you but does no damage.
You barely miss the goblin. You bite the goblin. You drain its power.
You feel invigorated.
The goblin is moderately wounded.
Robin throws the goblin at you!
* * * LOW HITPOINT WARNING * * *
The goblin hits you with a +0 dagger.
* * * LOW HITPOINT WARNING * * *
The kobold closely misses you. The goblin barely misses you.
The hobgoblin hits you.
* * * LOW HITPOINT WARNING * * *
Blink to where?
Press: ? - help, Dir - move target
Found a book of Spatial Translocations.
As you read the scroll of blinking, it crumbles to dust.
The hobgoblin no longer looks unusually strong.
Robin throws the goblin at you!
You die...

.....g##<######
...g.g.gg.....#
.....#g.......#
... ##gg.....#
.. #.......# .
#.......#
#.......#
#.......#
#..g@...#
#####..## #.#
..: ..# ..# .#
.#


You could see Robin, 3 hobgoblins and 3 goblins.

Vanquished Creatures
  3 dart slugs (D:1)
  4 ball pythons
  5 bats (D:1)
  An endoplasm (D:1)
  A giant cockroach (D:1)
  6 goblins
  A hobgoblin (D:1)
  A kobold (D:1)
  A quokka (D:1)
  2 rats (D:1)
25 creatures vanquished.

Notes
Turn   | Place    | Note
-------+----------+-------------------------------------------
     0 | D:1      | Leeroy the Vine Stalker Warper began the quest for the Orb.
     0 | D:1      | Reached XP level 1. HP: 11/11 MP: 4/4
    80 | D:1      | Reached XP level 2. HP: 12/15 MP: 4/6
   331 | D:1      | Reached XP level 3. HP: 18/18 MP: 7/7
   913 | D:2      | Noticed Robin
   925 | D:2      | Hit by a goblin thrown by Robin

Illustrated notes

Levels and vault maps discovered:
D:1:      eino_arrival_druids_welcome, layout_basic
D:2:      layout_basic, uniq_robin

Skill      XL: |  1  2 |
---------------+-------+-----
Long Blades    | 2 3 |  3.3
Fighting       | |  1.7
Throwing       | |  0.8
Armour         | |  0.7
Dodging        | |  1.5
Spellcasting   | |  2.1
Translocations | |  3.0

Action                     || total
---------------------------++-------
  Melee: Falchion          ||    66
         Bite              ||    15
    Use: Scroll            ||     1
 Armour: Leather armour    ||    29
  Dodge: Dodged            ||    50

Table legend: (Time is in decaauts)
 A = Elapsed time spent in this place.
 B = Non-inter-level travel time spent in this place.
 C = Inter-level travel time spent in this place.
 D = Time resting spent in this place.
 E = Time spent auto-exploring this place.
 F = Levels seen in this place.
 G = Mean time per level.
                   A        B        C        D        E       F      G
               +--------+--------+--------+--------+--------+-----+--------+
         Total |    936 |    915 |     21 |      0 |    775 |   2 |  468.0 |
       Dungeon |    936 |    915 |     21 |      0 |    775 |   2 |  468.0 |
               +--------+--------+--------+--------+--------+-----+--------+

Top non-repeatable levels by time:
     D:1: 921 daAuts
     D:2: 15 daAuts
